 Dungeon Crawl Stone Soup version 0.28.0 (webtiles) character file.

Game seed: 7353604531635345990

207 Nonny the Stinger (level 5, -9/25 HPs)
             Began as a Vine Stalker Wanderer on Feb 6, 2022.
             Was an Initiate of Vehumet.
             Killed from afar by Ijyb (32 damage)
             ... with a bolt of acid
             ... on level 3 of the Dungeon.
             The game lasted 00:29:55 (2705 turns).

Nonny the Stinger (Vine Stalker Wanderer)           Turns: 2705, Time: 00:29:56

Health: -9/25      AC:  5    Str: 10    XL:     5   Next: 85%
Magic:  0/10       EV: 11    Int: 18    God:    Vehumet [......]
Gold:   90         SH:  0    Dex: 14    Spells: 1/9 levels left

rFire   . . .      SeeInvis .   g - staff of poison
rCold   . . .      Faith    .   (no shield)
rNeg    . . .      Spirit   +   c - +0 robe
rPois   +          Reflect  .   s - +0 helmet
rElec   .          Harm     .   k - +0 cloak
rCorr   .          Rampage  .   b - +0 pair of gloves
Will    +....                   (no boots)
Stlth   +++.......              i - amulet of regeneration
HPRegen 1.68/turn               e - ring of willpower
MPRegen 0.12/turn               (no ring)

@: no status effects
A: fangs 2, regeneration 1, magic shield, antimagic bite, no potion heal 2
a: Renounce Religion


You were on level 3 of the Dungeon.
You worshipped Vehumet.
Vehumet was noncommittal.
You visited 1 branch of the dungeon, and saw 3 of its levels.

You collected 90 gold pieces.

Inventory:

Hand Weapons
 a - a +0 dagger
Missiles
 f - 4 boomerangs
 p - 4 poisoned darts
Armour
 b - a +0 pair of gloves (worn)
 c - a +0 robe (worn)
 k - a +0 cloak (worn)
 s - a +0 helmet (worn)
Magical Staves
 g - a staff of poison (weapon)
Jewellery
 e - a ring of willpower (left hand)
 i - an amulet of regeneration (around neck)
Wands
 n - a wand of polymorph (3)
 t - a wand of acid (5)
Scrolls
 m - a scroll of teleportation {unknown}
 o - a scroll of magic mapping
 q - a scroll of summoning {unknown}
 r - a scroll of noise
Potions
 d - a potion of attraction
 h - a potion of mutation {unknown}
 j - 2 potions of curing
 l - 3 potions of berserk rage {unknown}


   Skills:
 + Level 1.4 Fighting
 + Level 1.6 Staves
 - Level 4.0 Stealth
 + Level 2.8 Spellcasting
 + Level 5.5 Poison Magic
 - Level 1.0 Invocations


You had one spell level left.
You knew the following spells:

 Your Spells              Type           Power      Damage    Failure   Level
a - Sting                 Tmut/Pois      72%        1d6       5%          1
b - Mephitic Cloud        Conj/Pois/Air  13%        N/A       24%         3
c - Olgreb's Toxic Radia  Pois           33%        N/A       17%         4

Your spell library contained the following spells:

 Spells                   Type           Power      Damage    Failure   Level


Dungeon Overview and Level Annotations

Branches:
Dungeon (3/15)

Altars:
Dithmenos
Vehumet

Shops:
D:1 :(*!*

Annotations:
D:2 Sigmund
D:3 1 runed translucent door, Crazy Yiuf, Ijyb


Innate Abilities, Weirdness & Mutations

You have extremely sharp teeth.
Your natural rate of healing is unusually fast.
When hurt, damage is shared between your health and your magic reserves.
Your bite disrupts and absorbs the magic of your enemies.
Potions cannot restore your health.


Message History

A bat comes into view.
The bat hits you but does no damage. The bat barely misses you.
Okay, then.
As you read the scroll labelled HOKKAU OXAM, it crumbles to dust.
You feel aware of your surroundings.
It was a scroll of magic mapping.
Ijyb hits you with a +0 dagger.
Enter note: HOKKAU OXAM - magic mapping
Okay, then.
Aiming: Corrosive Bolt
Press: ? - help, Shift-Dir - straight line, f - bat
Aim: a bat (57% to hit)
The bolt of acid hits the bat!
You kill the bat!
Vehumet accepts your kill. Ijyb hits you with a +0 dagger.
Aiming: Corrosive Bolt
Press: ? - help, Shift-Dir - straight line, f - Ijyb
Aim: Ijyb, wielding a +0 dagger, wearing a +0 leather armour and carrying a wand of acid (8) (64% to hit)
The bolt of acid hits Ijyb!
Ijyb is moderately wounded.
Ijyb zaps a wand.
The bolt of acid misses you.
Casting: Sting (safe; 5% risk of failure)
Confirm with . or Enter, or press ? or * to list all spells.
Aiming: Sting (safe; 5% risk of failure)
Press: ? - help, Shift-Dir - straight line, f/p - Ijyb
Aim: Ijyb, wielding a +0 dagger, wearing a +0 leather armour and carrying a wand of acid (7) (moderately wounded, 67% to hit)
You feel a surge of power!
The sting misses Ijyb.
Ijyb hits you with a +0 dagger.
Unknown command.
Casting: Sting (safe; 5% risk of failure)
Confirm with . or Enter, or press ? or * to list all spells.
Aiming: Sting (safe; 5% risk of failure)
Press: ? - help, Shift-Dir - straight line, f/p - Ijyb
Aim: Ijyb, wielding a +0 dagger, wearing a +0 leather armour and carrying a wand of acid (7) (moderately wounded, 67% to hit)
You feel a surge of power!
The sting hits Ijyb.
Ijyb is poisoned.
Ijyb is moderately wounded.
Ijyb zaps a wand.
The bolt of acid hits you!!!
Ouch! That really hurt!
You die...

###'#.#'#..# #......
#.........<#########......
#......>.†.............÷..
#.........................
#........##.###.....))....
#...........###.###)###...
#...............# #)# #...
######..........###.###...
#...@......###_).'.##
#..g.......###.###.##
#..........# #.# #...
#..........###+###.).
#....................
###....#####.......##
#....# #.#####.## #....#
*,* #.## *,,,,* *,#####.##


You could see Ijyb (poisoned).

Vanquished Creatures
  Natasha (thrice) (D:2)
  Robin (D:3)
  4 gnolls (D:2)
  An adder (D:2)
  2 worms
  2 dart slugs
  4 orcs (D:3)
  4 bats (D:3)
  6 endoplasms
  3 giant cockroaches
  12 goblins
  7 hobgoblins
  3 kobolds (D:1)
  3 ball pythons
  6 rats
61 creatures vanquished.

Vanquished Creatures (others)
  A fungus (D:3)
  24 plants
25 creatures vanquished.

Grand Total: 86 creatures vanquished

Notes
Turn   | Place    | Note
-------+----------+-------------------------------------------
     0 | D:1      | Nonny the Vine Stalker Wanderer began the quest for the
                  | Orb.
     0 | D:1      | Nonny set off with the following items: a +0 dagger, a +0
                  | pair of gloves, a +0 robe, a potion of attraction; and the
                  | following spell memorised: Sting; and the following spells
                  | available to memorise: Mephitic Cloud, Olgreb's Toxic
                  | Radiance
     0 | D:1      | Reached XP level 1. HP: 10/10 MP: 3/3
     0 | D:1      | 4 in poison magic already. Not bad.
    29 | D:1      | Starting vault: curly stone halls
    71 | D:1      | Bit of a welcome party past the start.
   143 | D:1      | Found Ramitu's Distillery.
   172 | D:1      | Reached XP level 2. HP: 11/14 MP: 4/4
   178 | D:1      | Found Gaaqoh's Assorted Antiques.
   198 | D:1      | Damn. 1040 gold for box of beasts.
   290 | D:1      | ring of willpower in southeast
   353 | D:1      | Vault: square layers of crystal, translucent, metal, stone,
                  | and rock walls.
   353 | D:1      | It takes up the bottom right of the map.
   362 | D:1      | Staff of poison? Good for this character!
   398 | D:1      | Vault: plus-shaped chamber with trees making a plus shape
                  | in the center
   402 | D:1      | This vault is on the eastern side, north of the huge square
                  | one, and it contains the staff.
   402 | D:1      | Maybe I'll go through it with pass wall on the orb run, if
                  | I get the orb run.
   544 | D:1      | Reached XP level 3. HP: 17/18 MP: 3/5
   548 | D:1      | Learned a level 3 spell: Mephitic Cloud
   640 | D:1      | Vault: swirly hallways
   640 | D:1      | Takes up the western edge of the floor.
   680 | D:1      | Found Rarchaune's Book Boutique.
   685 | D:1      | Contains some other good spell books.
   706 | D:1      | Found Maetsisinn's Weapon Shoppe.
   713 | D:1      | Good randart trident here for 517 gold.
   713 | D:1      | It's in a bloody room with a lone rat.
   741 | D:1      | AMULET OF REGEN
   741 | D:1      | Southwestern area. Poggers.
   834 | D:1      | Found Zonen's Assorted Antiques.
   839 | D:1      | Contains a piece from Xom's chessboard.
   864 | D:1      | Just one staircase is near the dungeon exit.
   864 | D:1      | Pretty awesome start. Awesome floor.
   867 | D:2      | XOZXUU WEYWK - vulnerability
   894 | D:2      | black potion - heal wounds
   894 | D:2      | NUADAE QAMOP - identify
   897 | D:2      | Noticed Sigmund
  1048 | D:2      | 4way floor
  1054 | D:2      | Fire clouds vault.
  1054 | D:2      | I can only see some gold in there right now.
  1073 | D:1      | D:2 uphatch doesn't seem viable.
  1322 | D:2      | Reached skill level 5 in Poison Magic
  1322 | D:2      | Gained mutation: Your natural rate of healing is unusually
                  | fast. [Vine Stalker growth]
  1322 | D:2      | Reached XP level 4. HP: 14/22 MP: 1/7
  1422 | D:2      | These large pools of water do help for taking out the
                  | gnolls.
  1500 | D:2      | Noticed Natasha
  1509 | D:2      | Killed Natasha
  1510 | D:2      | Reached skill level 1 in Staves
  1796 | D:2      | Noticed Natasha
  1809 | D:2      | Killed Natasha
  1810 | D:2      | Reached XP level 5. HP: 25/25 MP: 7/9
  1924 | D:2      | Noticed Natasha
  1946 | D:2      | Killed Natasha
  2037 | D:2      | Yeah, fire vault only has gold.
  2137 | D:3      | LYD OSTRIME - immolation
  2138 | D:3      | GICWIU KATINA - noise
  2201 | D:3      | Found a faded altar of an unknown god.
  2266 | D:3      | plain cloak
  2371 | D:3      | Vault: statue surrounded by translucent rock walls
  2371 | D:3      | I also saw that faded altar vault a couple games ago.
  2474 | D:3      | Found a runed translucent door.
  2475 | D:3      | Noticed Crazy Yiuf
  2478 | D:3      | UNCLE YIFF
  2511 | D:3      | Noticed Robin
  2543 | D:3      | Found a radiant altar of Vehumet.
  2561 | D:3      | Became a worshipper of Vehumet
  2567 | D:3      | Learned a level 4 spell: Olgreb's Toxic Radiance
  2601 | D:3      | Killed Robin
  2650 | D:3      | Found a shadowy altar of Dithmenos.
  2697 | D:3      | Noticed Ijyb
  2702 | D:3      | HOKKAU OXAM - magic mapping
  2705 | D:3      | Killed from afar by Ijyb

Illustrated notes ##### #...+ #@# ### Turn 0 on D:1: 4 in poison magic already. Not bad. ######### #...'...# #<#.#.#.# ####.#.#### #.........# #.##...##.# #..#...#..# ####...#### #@.## #.## ..# #### Turn 29 on D:1: Starting vault: curly stone halls ######### #...'...# #### #<#.#.#.# #.#.### ####.#.#### .....# #.........# .#.#.#.#.# #.##...##.# ....r..).# #..#...#..# .#.#.#.#.######...#### ...>....@..###..## #.#.#.###...##.## #.........)..# ..##.##...#### ### # ##.## #.# #.# #.# ..# Turn 71 on D:1: Bit of a welcome party past the start. ##...#.# ##.##)# ####.# #.# #.# # #.# ###.# #.# ##.#.# #.###....# ..#######.....@..# .......†>..........>.. ...#.####.##.....##### #.###...## #.# ##.## #.# ### #.# #.. .. Turn 198 on D:1: Damn. 1040 gold for box of beasts. ##.####.###.###.###.##.# #####...............#.# ...##.###.###.##...# #...........#.#.# ...##.###.##...#.# #.#.#.......#.#.#.# #..#...##.##...#...# ##.#.#.#...#.#.#.### ..# ..#.@.#...# #...#.#.#.# ##.##...#..# ..( ..#.#.## #.# .##...## ... ....#.## #.# ###.##..# .. .. ## Turn 290 on D:1: ring of willpower in southeast #.# #.# ##.# .#.# # ## ...# .##. ∩..####### ... .....>...# #.## ...#####.# #..##### ..######.## ###.@....# .####.###.###.###.##.# ####...............#.# ##...##.###.###.##...# .>.#.#...........#.#.# ####...##.###.##...#.# ##.#.#.......#.#.#.# #..#...##.##...#...# ##.#.#.#...#.#.#.### Turn 353 on D:1: Vault: square layers of crystal, translucent, metal, stone, and rock walls. ......# ####### ♣ .. .. #### ..♣♣♣.♣♣♣. #..# ...♣.♣.. #.## #.♣.♣.# #.# #.....# #.# #.....# #.# #....@# ###.# #.....# ##.#.# ###'#### #....# #.##.# ..∩..####### #....# .......>...# ####.## .....#####.# #..##### #...######.## ###......# ##.####.###.###.###.##.# Turn 362 on D:1: Staff of poison? Good for this character! #.# #(#.##.....# #.# #.#.##.....# #.#####.#.##.....# #.........##†....# ##############.♣.♣.###### ........#......♣†♣......# #########....♣♣♣.♣♣♣....# # #...............# # ####....♣♣♣@♣♣♣....# # #..#......♣.♣......# # #.#######.♣.♣.###### # #.# #.....# # #.# #.....# # #.# #.....# # ###.# #.....# # ##.#.# ###'#### ###....# #.##.# Turn 398 on D:1: Vault: plus-shaped chamber with trees making a plus shape in the center ##############.♣.♣.###### ........#......♣†♣......# #########....♣♣♣.♣♣♣....# # #...............# # ####....♣♣♣.♣♣♣....# # #..#......♣.♣......# # #.#######.♣.♣.###### # #.# #.....# # #.# #..@..# # #.# #.....# # ###.# #.....# # ##.#.# ###'#### ###....# #.##.# ....∩..####### #....# .........>...# ####.## ##.....#####.# #..##### ###...######.## ###......# Turn 402 on D:1: This vault is on the eastern side, north of the huge square one, and it contains the staff. #.#.#####..#(# .# #.#........#.# .# ##.#.#####....# ##. #..#.#...#....# #.. #..#.#.#.#....# #.# ... #..#.#.#.#....# #.# ... #..#...#.#....####.#####.. #..#####.#................ #........@...#####.######. #..................### #. ############.........####. #########...... ######. ## Turn 640 on D:1: Vault: swirly hallways #).#####.#..# #..#...#.#..# #..#.#.#.#..# #..#.#.#.#.)# #..#.#...#..# # #..#.#####..# #. #..#........########## ####. #..#.#####...........## .....# #..#.#...#.#.8.@.>.8... ...... #..#.#.#.#.############ #####. #..#.#.#.#.# .###### #..#...#.#.## ....... #..#####.#..# .###### #........#..####### # #..#####.#......... # #..#...#.#.##.##### # #..#.#.#.#.##.# # Turn 685 on D:1: Contains some other good spell books. ....#..############..# #.# # ###.#................# #.# # ..#.#.##.##########.## #.##### #.#.#.##.# #.# #...... #.#.#.##.# #####.############# #...#.##.# ##...##........ ##. #####.##.# ##)....#.####### #.. ........†# ##.......## ##. #####.#### #....@.†.# ## #...#.# #.............. # #.#.#.# #.#.....####### #.#.#.# # ##...## ..#.#.# #.#.## ###.#.# ...... ....#.#######..... ###.#.........#... ..#### ..#.#..######.. ...... Turn 713 on D:1: Good randart trident here for 517 gold.

#.#..######......#.# .......†
#.#.########.....#.#.. ...#.###
#.#.##..............[
..#.................
###..#(#####.####..# .....#.# #.#
!)# ###....# ##.####..# #
..#....# #........# . #.#....#
#.####@..# #. #.#....# #.#
#......?..## #.#
#.#....####.#####..#####.##. .#.
#.#................# #.##.#.# #
......#####.######.# #.# ..# #
............### #.#####.##.#.###
#####.........####.##........†.#.
#########.........##.######.#
######...............


Turn 741 on D:1: AMULET OF REGEN #### ######## ###.#. #....?.##### #.....
#..PPP.....# #.#.#. #...@P.# #..... #...PP.### #.#.#. #.......... #....>
#.##.####........#.#. #.##.# .#########. #.##.# #.##........ #.##.# #.##.#######
#.##.### #.##.####### #.##...###.##.##..... Turn 839 on D:1: Contains a piece
from Xom's chessboard. ######### #...'...# ####### #<#.#.#.# #### ###.#.#.###
####.#.### ...##### #.........# #......... PP.....# #.#.#.#.#.# #.##...##.
∩P.###.# #.......).# #..#...#.. PP.###.# #.#.#.#.#.######...###
.......#####....@.......###..## .####........#.#.#.###...##.## .#
##.#########.........)..# .# #.##........##.##...#### .# #.##.#########.###.##
.### #.##.#########)###.# ...###.##.##.........##.# .#.....##.##.######..##.#
.#.∩.#.##.##.######..#..## Turn 864 on D:1: Just one staircase is near the
dungeon exit. #### ########.... #>.........# #..........# #..........#
#..........# #...@......# #..#..###.## #. ##..# # ..# ..# ... ..## ... Turn 867
on D:2: XOZXUU WEYWK - vulnerability #### ########.... #>.........# #..........#
#..........# #..........# #...@......# #..#..###.## #. ##..# # ..# ..# ... ..##
... Turn 894 on D:2: black potion - heal wounds ##+# #..####.# ##...## #..####.#
##.....## #.......# ##.......## ##..###### #.........####...##
+.........'.......# #.........#......## #........##.###..## .#...@.###.###.#.##
#...###### #.##.###.## # #.#.## ##.# #.#..###.## #.#.#)#.## #.#.##.## #......#
###.#### #.# Turn 1048 on D:2: 4way floor ##+# #..# ##...## #..# ##.....## #...
##.......## ##..# #.........####...# +.........'....... #.........#......#
#........##.###..# ##@#.....###.###.#. #...###### #.##.### #☼.§# #.#.## # #☼°§#
#.#..### #§§.# #.#.#)#. #...# #.#.##.# .$$.. #......# §.$... ###.#### .§...$.§
#.# Turn 1054 on D:2: Fire clouds vault. #..#...#.#..# #..#.#.#.#..#
#..#.#.#.#.)# #..#.#...#..# #..#.#####..# #..#........########## #
#..#.#####...........#### #..#.#...#.#.8.∩.>.8..... #..#.#.#@#.##############
#..#.#.#.#.# ## #..#...#.#.## #. #..#####.#..# #. #........#..############.
#..#####.#............... #..#...#.#.##.##########. #..#.#.#.#.##.# #.
#..#.#.#.#.##.# #####. Turn 1073 on D:1: D:2 uphatch doesn't seem viable.
#.##...#♣P♣♣♣.......# #.##..#♣≈≈≈P♣♣♣....## #.##.#≈P≈≈≈≈♣ ♣♣..## #....)≈≈P≈≈≈≈≈
♣P## ##.#♣P≈≈≈P≈≈≈≈P≈♣≈ #.♣≈PP≈≈≈≈≈≈≈≈≈ ≈≈ #.♣PP≈≈≈≈≈≈≈≈≈P ≈≈≈ #...≈≈≈≈≈≈≈≈P≈≈
≈P♣. #..@........... .... ##♣.≈≈≈≈≈≈≈≈≈≈≈ ≈≈♣. P.P≈≈≈≈≈≈ ♣≈.P≈≈≈♣♣♣ ≈≈.≈PP♣♣
♣≈≈.≈≈≈♣ ♣≈≈.≈≈≈♣ ♣≈≈.≈≈≈≈ Turn 1422 on D:2: These large pools of water do help
for taking out the gnolls. ...........§...$$.. #......# .########...○§.$...
###.#### .# ##.☼○§...$.§ #.# .# #####...# ..# ## #...# ### # #§☼.# ♣# #§§§# ≈##
#...#### ♣≈## ##@###.# ≈♣≈# #.....# ≈≈≈♣ #####.# ≈≈≈♣ #.# ≈≈P♣ #######.##### ###
≈≈≈♣ ########...........######.. ≈≈≈♣ #>.........##...##......... .≈≈♣
#..........#.....#......... .≈≈♣ #..........##...##.######.. Turn 2037 on D:2:
Yeah, fire vault only has gold. #+# #.# #.# #.# #@# ### Turn 2137 on D:3: LYD
OSTRIME - immolation #+# #.# #.# #.# #@# ### Turn 2138 on D:3: GICWIU KATINA -
noise ..'..# #<# ..##.# ### ..##.####### ..##.......# ..########.# ..# #.# ###
#.# #.# #######.# #.# #@......# #.# #.#####.# #.# #.# #.# #.# #.# #.# #.# #.#
#.# #.# #.# #.# #.#####.# Turn 2266 on D:3: plain cloak #..... #.....# #.....
#.....# #..(.. . #.....# #..... .. #.....# ####'# ...##.....############.#
..$..................... ........###....#.....[.. .S.....@#⌠#....#........
.....##.###....#...≈≈⌠≈≈ ... #............P.P.. . ####.##'##.....###
#....##...≈.#_# #.#####...≈.#.# ###.# #...⌠P#P# ....#####...≈....
#####....#...⌠⌠P≈⌠ Turn 2371 on D:3: Vault: statue surrounded by translucent
rock walls ######## ##....#.### ### ##......#..##...# #......####@+g..# #.....##
###..)# #.##### ### ### #.## #.# # #..# #.######## ######..###
#########.##...... ##........# #.........##.##### ##........# #.........##'## #
##.....#### #.............# # Turn 2478 on D:3: UNCLE YIFF ###'#.#'#..# #......
#.........<#########...... #......>.†.............÷.. #.........................
#........##.###.....)).... #...........###.###)###... #...............# #)# #...
######..........###.###... #...@......###_).'.## #..gb......###.###.##
#..........# #.# #... #..........###+###.). #....................
###....#####.......## #....# #.#####.## #....# *,* #.## *,,,,* *,#####.## Turn
2702 on D:3: HOKKAU OXAM - magic mapping

Levels and vault maps discovered:
D:1:      onia_arrival_mini_spirals, layout_loops_ring, serial_shops,
          shop_statue, shop, nicolae_shop_stone,
          nicolae_shop_bloodbath_and_beyond, nicolae_shop_overgrown_old_shop,
          roderic_lattice_a, kennysheep_minor_cross, st_stairs_8,
          nicolae_concentric_dashed_squares_wild
D:2:      layout_loops_corners, serial_bayou, serial_bayou_lagoon_b,
          serial_bayou_shore_b, serial_bayou_ford_a, serial_bayou_lagoon_a,
          lemuel_flame_loot_1, uniq_sigmund, uniq_natasha
D:3:      layout_basic, grunt_dithmenos_smoke, lemuel_doored_altar,
          shapermc_ecumenical_altar_acropolis, feat_on_display,
          uniq_crazy_yiuf_cottage, uniq_ijyb, uniq_robin

Skill      XL: |  1  2  3  4 |
---------------+-------------+-----
Stealth        | 4 |  4.0
Poison Magic   | 5 |  5.5
Staves         | 1 |  1.6
Spellcasting   | 2 |  2.8
Fighting       | |  1.4
Invocations    | |  1.0

Action                   |  1- 3 |  4- 6 || total
-------------------------+-------+-------++-------
Melee: Dagger            |    31 |       ||    31
       Bite              |    21 |    27 ||    48
       Staff             |    32 |    84 ||   116
       Punch             |     1 |     2 ||     3
       Unarmed           |       |     4 ||     4
 Cast: Sting             |    13 |    37 ||    50
Evoke: Wand              |       |     2 ||     2
  Use: Scroll            |     2 |     3 ||     5
 Stab: Sleeping          |     9 |     2 ||    11
Armor: Robe              |    12 |    16 ||    28
Dodge: Dodged            |    22 |    38 ||    60
